 Dungeon Crawl Stone Soup version 0.31-a0-844-gdc52ec4e09 (webtiles) character file.

Game seed: 5967436950982765126

13556 Zxelo the Severer (level 11, -1/102 HPs)
             Began as a Minotaur Fighter on Sept 29, 2023.
             Was a Priest of Ashenzari.
             Slain by a 12-headed hydra (9 damage)
             ... on level 12 of the Dungeon.
             The game lasted 00:31:03 (14761 turns).

Zxelo the Severer (Minotaur Fighter)               Turns: 14761, Time: 00:31:04

Health: -1/102     AC: 15    Str: 24    XL:     11   Next: 77%
Magic:  10/10      EV:  9    Int:  5    God:    Ashenzari [***...]
Gold:   1021       SH:  5    Dex: 14    Spells: 10/10 levels left

rFire   + + .        E - +6 battleaxe "At What Cost Knowledge?" {speed, rF++ Dex+3 SInv, Self, Range} (curse)
rCold   . . .        (shield currently unavailable)
rNeg    + . .        U - +0 plate armour "Seer of Ashenzari" {Bglg, Elem} (curse)
rPois   .            (helmet restricted)
rElec   .            (no cloak)
rCorr   .            (no gloves)
SInv    +            (no boots)
Will    .....        Z - amulet "Shackled With Me" {Reflect SH+5, Fort, Range} (curse) Stlth
                     i - ring of the Sidereal Augur {rN+, Dev, Comp} (curse)
HPRegen 0.37/turn    (no ring)
MPRegen 0.12/turn

%: reflection, clarity
@: studying Dodging
A: horns 2, retaliatory headbutt
a: Renounce Religion, Curse Item, Shatter the Chains


You were on level 12 of the Dungeon.
You worshipped Ashenzari.
Ashenzari was most pleased with you.
You visited 2 branches of the dungeon, and saw 13 of its levels.

You collected 1131 gold pieces.
You spent 110 gold pieces at shops.

Inventory:

Hand Weapons
 a - a +0 trident
 m - a +0 short sword of protection
 r - the +8 quarterstaff "Naidor" {elec, rPois Str+3 SInv}
   (You took it off a kobold on level 8 of the Dungeon)

   Str+3:     It affects your strength (+3).
   rPois:     It protects you from poison SInv: It lets you see invisible.
 y - the +1 flail of the Final Chapter {flame, rC+}
   (You found it on level 4 of the Dungeon)

   rC+:       It protects you from cold.
 E - the cursed +6 battleaxe "At What Cost Knowledge?" (weapon) {speed, rF++ Dex+3 SInv, Self, Range}
   (You found it on level 4 of the Dungeon)

   Dex+3:     It affects your dexterity (+3).
   rF++:      It greatly protects you from fire.
   SInv:      It lets you see invisible.
   It has a curse which improves the following skills: Introspection: Fighting
   and Spellcasting.
   Ranged Combat: Ranged Weapons and Throwing.
 H - the +0 great sword of Gifot {flame, Contam rF+ rN+}
   (You found it on level 4 of the Dungeon)

   rF+:       It protects you from fire.
   rN+:       It protects you from negative energy.
   Contam:    It causes magical contamination when unequipped.
 Q - a +0 halberd
 R - a +3 dagger
 T - the +5 short sword of Excruciating Pain {freeze, Contam rF- Dex+6}
   (You found it on level 7 of the Dungeon)

   Dex+6:     It affects your dexterity (+6).
   rF-:       It makes you vulnerable to fire.
   Contam:    It causes magical contamination when unequipped.
 V - a +2 spectral quarterstaff
 X - a +1 scimitar of flaming
Missiles
 J - 2 throwing nets
Armour
 b - a +0 scale mail
 c - a +0 buckler
 B - a +0 robe of fire resistance
 M - +0 steam dragon scales
 S - the +1 leather armour of Woholow {Dex+4 Stlth+}
   (You found it on level 7 of the Dungeon)

   Dex+4:     It affects your dexterity (+4).
   Stlth+:    It makes you more stealthy.
 U - the cursed +0 plate armour "Seer of Ashenzari" (worn) {Bglg, Elem}
   (You took it off an orc warrior on level 7 of the Dungeon)

   It has a curse which improves the following skills: Beguiling: Conjurations,
   Hexes and Translocations.
   Elements:  Fire Magic, Ice Magic, Air Magic and Earth Magic.
Jewellery
 d - an amulet of the acrobat
 i - the cursed ring of the Sidereal Augur (left hand) {rN+, Dev, Comp}
   (You found it on level 1 of the Dungeon)

   [ring of positive energy]

   rN+:       It protects you from negative energy.
   It has a curse which improves the following skills: Devices: Evocations and
   Shapeshifting.
   Companions: Summonings and Necromancy.
 t - an amulet of guardian spirit
 x - a ring of resist corrosion
 Z - the cursed amulet "Shackled With Me" (around neck) {Reflect SH+5, Fort, Range}
   (You took it off a kobold on level 8 of the Dungeon)

   [amulet of reflection]

   Reflect:   It reflects blocked missile attacks.
   SH+5:      It affects your SH (+5).
   It has a curse which improves the following skills: Fortitude: Armour and
   Shields.
   Ranged Combat: Ranged Weapons and Throwing.
Wands
 k - a wand of paralysis (4)
 w - a wand of quicksilver (25)
 C - a wand of roots (4)
Scrolls
 g - 3 scrolls of teleportation
 l - a scroll of summoning
 q - a scroll of fear
 s - 3 scrolls of noise
 u - a scroll of silence
 v - a scroll of amnesia
 z - 3 scrolls of enchant weapon
 D - a scroll of blinking
 F - 6 scrolls of identify
 G - 2 scrolls of immolation
 I - 2 scrolls of vulnerability
 L - a scroll of brand weapon
 N - 2 scrolls of enchant armour
Potions
 e - 3 potions of brilliance
 f - 3 potions of attraction
 h - 5 potions of curing
 j - 2 potions of enlightenment
 n - 2 potions of resistance
 o - 3 potions of invisibility
 p - 4 potions of degeneration
 A - a potion of mutation
 K - a potion of magic
 W - a potion of ambrosia
 Y - a potion of heal wounds


   Skills:
 + Level 9.6(11.1) Fighting
 + Level 15.5(15.9) Axes
 + Level 2.9(10.5) Maces & Flails
 + Level 4.7(11.1) Polearms
 + Level 11.1(12.6) Armour
 + Level 4.1 Dodging
 + Level 2.2 Stealth
 + Level 6.1(7.6) Shields
 + Level 0.1(0.2) Evocations


You had 10 spell levels left.
You didn't know any spells.
Your spell library contained the following spells:

 Spells                   Type           Power      Damage    Failure   Level
 Apportation              Tloc           0%         N/A       99%         1
 Jinxbite                 Hex            0%         N/A       100%        2
 Alistair's Intoxication  Tmut/Pois      0%         N/A       100%        5
 Chain Lightning          Conj/Air       0%         N/A       100%        9
 Fire Storm               Conj/Fire      0%         5d1       100%        9
 Shatter                  Erth           0%         3d5*      100%        9


Dungeon Overview and Level Annotations

Branches:
Dungeon (12/15)            Temple (1/1) D:6            Lair (0/5) D:9
    Orc: D:9-12

Altars:
Ashenzari
Cheibriados
Dithmenos
Elyvilon
Fedhas
Gozag
Hepliaklqana
Kikubaaqudgha
Makhleb
Nemelex Xobeh
Okawaru
Qazlal
Ru
Sif Muna
Trog
Uskayaw
Vehumet
Wu Jian
Xom
Yredelemnul
Zin
The Shining One

Shops:
D:1 *   D:4 !   D:7 [

Annotations:
D:11 exclusion: orange crystal statue


Innate Abilities, Weirdness & Mutations

You have a pair of horns on your head.
You reflexively headbutt those who attack you in melee.


Message History

You kill the howler monkey!
The ten-headed hydra bites you.
The ten-headed hydra bites you but does no damage.
You block the ten-headed hydra's attack.
The ten-headed hydra bites you! The ten-headed hydra bites you.
The ten-headed hydra bites you!
You block the ten-headed hydra's attack.
The ten-headed hydra bites you. The ten-headed hydra bites you!
The ten-headed hydra bites you but does no damage.
You hack one of the ten-headed hydra's heads off!
The nine-headed hydra grows two more!
You slash the 11-headed hydra!
Your headbutt misses the 11-headed hydra.
The 11-headed hydra is severely wounded.
You hit the howler monkey.
The howler monkey hits you but does no damage.
Unknown command.
You slice one of the 11-headed hydra's heads off!
The ten-headed hydra grows two more!
You slash the 12-headed hydra!
The 12-headed hydra is severely wounded.
You slash the howler monkey! The 12-headed hydra bites you.
The 12-headed hydra bites you but does no damage.
The 12-headed hydra bites you.
* * * LOW HITPOINT WARNING * * *
You block the 12-headed hydra's attack.
The 12-headed hydra bites you but does no damage.
The 12-headed hydra bites you!
* * * LOW HITPOINT WARNING * * *
The 12-headed hydra bites you but does no damage.
The 12-headed hydra bites you.
* * * LOW HITPOINT WARNING * * *
The 12-headed hydra bites you.
* * * LOW HITPOINT WARNING * * *
The 12-headed hydra bites you but does no damage. x3
You block the howler monkey's attack. The 12-headed hydra bites you!
* * * LOW HITPOINT WARNING * * *
The 12-headed hydra bites you but does no damage.
The 12-headed hydra bites you.
* * * LOW HITPOINT WARNING * * *
The 12-headed hydra bites you!
You die...

######+####
#.........#
#.........#
#.....^...#
#.........#
+..h......#
#.@D......#
#.....$...#
###+#######


You could see a 12-headed hydra and a howler monkey.

Vanquished Creatures
  2 two-headed ogres
  Erica (D:8)
  Lodul (D:11)
  A manticore (D:11)
  A gargoyle (D:7)
  Maurice (D:8)
  2 kobold demonologists (D:10)
  6 trolls
  A vampire (D:11)
  2 wraiths
  3 shadows
  18 yaks
  A steam dragon (D:6)
  3 wargs (D:9)
  An acid dragon (D:9)
  Duvessa (D:4)
  4 orc warriors
  2 water moccasins
  A black bear (D:6)
  2 ice beasts
  A sky beast (D:6)
  Pargi (D:3)
  6 ogres (D:11)
  11 centaurs
  The ghost of javelincjr the Conjurer, an amateur OpCj (D:4)
  3 kobold brigands
  A bullfrog (D:8)
  A scorpion (D:4)
  Dowan (D:4)
  5 killer bees (D:8)
  6 howler monkeys
  An electric eel (D:7)
  3 hounds
  A human zombie (D:7)
  A jelly (D:6)
  2 gnoll boudas
  7 orc priests
  6 orc wizards
  2 scorpion zombies (D:3)
  2 sleepcaps
  An iguana (D:6)
  A hound zombie (D:3)
  A hound skeleton (D:3)
  13 gnolls
  5 adders
  2 shadow imps (D:6)
  A white imp (D:7)
  2 ufetubi (D:4)
  2 adder zombies (D:3)
  A dart slug (D:2)
  22 orcs
  7 endoplasms
  5 giant cockroaches
  2 gnoll zombies (D:7)
  6 goblins
  2 hobgoblins (D:1)
  5 jackals
  21 kobolds
  5 quokkas
  8 ball pythons
  10 bats
  4 frilled lizards
  A giant cockroach zombie (D:3)
  A quokka skeleton (D:3)
  6 rats
250 creatures vanquished.

Vanquished Creatures (others)
  An orc (D:7)
1 creature vanquished.

Grand Total: 251 creatures vanquished

Notes
Turn   | Place    | Note
-------+----------+-------------------------------------------
     0 | D:1      | Zxelo the Minotaur Fighter began the quest for the Orb.
     0 | D:1      | Reached XP level 1. HP: 19/19 MP: 0/0
   147 | D:1      | Reached XP level 2. HP: 27/27 MP: 1/1
   742 | D:1      | Reached XP level 3. HP: 33/33 MP: 2/2
   766 | D:1      | Found Yvvuvawo's Assorted Antiques.
  1254 | D:2      | Reached XP level 4. HP: 40/40 MP: 3/3
  1610 | D:3      | Found a snail-covered altar of Cheibriados.
  1733 | D:3      | Reached skill level 1 in Dodging
  1876 | D:3      | Noticed Pargi
  1877 | D:3      | Reached XP level 5. HP: 47/47 MP: 4/4
  1912 | D:3      | Killed Pargi
  1913 | D:3      | Reached skill level 5 in Armour
  2211 | D:3      | Reached XP level 6. HP: 51/53 MP: 5/5
  2594 | D:4      | Found a white marble altar of Elyvilon.
  2600 | D:4      | Identified the +1 flail of the Final Chapter {flame, rC+}
  2610 | D:4      | Identified the +3 ring mail of Hulece {*Slow rC- rN++
                  | Int+8}
  2640 | D:4      | Found a sacrificial altar of Ru.
  2651 | D:4      | Found Voenavo's Distillery.
  2677 | D:4      | Bought 2 potions of berserk rage for 110 gold pieces
  2728 | D:4      | Found a runed translucent door.
  2740 | D:4      | Noticed Dowan
  2752 | D:4      | Reached skill level 1 in Axes
  2785 | D:4      | Noticed Duvessa
  2798 | D:4      | Killed Duvessa
  2799 | D:4      | Reached skill level 2 in Axes
  2799 | D:4      | Reached skill level 5 in Shields
  2810 | D:4      | Killed Dowan
  2811 | D:4      | Reached XP level 7. HP: 29/60 MP: 6/6
  3163 | D:4      | Reached skill level 1 in Maces & Flails
  3166 | D:4      | Reached skill level 5 in Fighting
  3188 | D:4      | Identified the +6 battleaxe "Vyarch" {speed, rF++ Dex+3
                  | SInv}
  3334 | D:4      | Noticed javelincjr's ghost (amateur OpCj)
  3493 | D:4      | Reached skill level 3 in Axes
  3497 | D:4      | Killed javelincjr's ghost
  3504 | D:4      | Identified the +0 great sword of Gifot {flame, Contam rF+
                  | rN+}
  3604 | D:5      | Entered Level 5 of the Dungeon
  3761 | D:5      | Found a glowing silver altar of Zin.
  4178 | D:5      | Reached skill level 4 in Axes
  4178 | D:5      | Reached XP level 8. HP: 54/69 MP: 4/7
  4511 | D:6      | Reached skill level 5 in Axes
  4745 | D:6      | Reached skill level 6 in Axes
  4791 | D:6      | Reached skill level 7 in Axes
  4796 | D:6      | Reached skill level 8 in Axes
  4796 | D:6      | Reached XP level 9. HP: 63/75 MP: 4/8
  4806 | D:6      | Reached skill level 9 in Axes
  5255 | D:6      | Found an iron altar of Okawaru.
  5330 | D:6      | Found a staircase to the Ecumenical Temple.
  5366 | Temple   | Entered the Ecumenical Temple
  5578 | D:6      | You fall into a shaft and drop 1 floor!
  5695 | D:7      | Reached skill level 10 in Axes
  6092 | D:7      | Noticed a gargoyle
  6113 | D:7      | Killed a gargoyle
  6131 | D:7      | Reached skill level 1 in Stealth
  6850 | D:7      | Identified the +1 leather armour of Woholow {Dex+4 Stlth+}
  6933 | D:7      | Identified the +5 short sword of Excruciating Pain {freeze,
                  | Contam rF- Dex+6}
  7062 | D:7      | Found Zatiateo's Antique Armour Shoppe.
  7326 | D:8      | Noticed Erica
  7337 | D:8      | Reached skill level 11 in Axes
  7346 | D:8      | Killed Erica
  7347 | D:8      | Reached XP level 10. HP: 13/88 MP: 3/9
  7373 | D:8      | HP: 4/88 [yak (6)]
  7376 | D:8      | Reached skill level 12 in Axes
  7872 | D:8      | Found a broken altar of Ashenzari.
  8055 | D:8      | Became a worshipper of Ashenzari the Shackled
  8080 | D:8      | Noticed Maurice
  8086 | D:8      | Killed Maurice
 10236 | D:8      | Identified the +8 quarterstaff "Naidor" {elec, rPois Str+3
                  | SInv}
 10621 | D:9      | Found a sparkling altar of Nemelex Xobeh.
 10746 | D:9      | Reached skill level 13 in Axes
 11220 | D:9      | Found a radiant altar of Vehumet.
 11281 | D:9      | Found a staircase to the Lair.
 11515 | D:9      | Reached * piety under Ashenzari
 11515 | D:9      | Reached ** piety under Ashenzari
 11728 | D:9      | Reached XP level 11. HP: 69/97 MP: 6/10
 12184 | D:10     | Entered Level 10 of the Dungeon
 12206 | D:10     | Reached skill level 14 in Axes
 12484 | D:10     | Found a hazy altar of Hepliaklqana.
 12548 | D:10     | Reached skill level 10 in Armour
 12658 | D:10     | Reached *** piety under Ashenzari
 12690 | D:10     | Found a glowing golden altar of the Shining One.
 13101 | D:10     | Noticed a two-headed ogre
 13105 | D:10     | Killed a two-headed ogre
 13731 | D:11     | Noticed Lodul
 13746 | D:11     | Killed Lodul
 13747 | D:11     | Reached skill level 15 in Axes
 14160 | D:11     | Noticed an orange crystal statue
 14228 | D:11     | Noticed a two-headed ogre
 14233 | D:11     | Killed a two-headed ogre
 14749 | D:12     | Noticed a five-headed hydra
 14761 | D:12     | Slain by a 12-headed hydra

Illustrated notes

Levels and vault maps discovered:
D:1:      eino_arrival_water_star, layout_basic, serial_shops,
          nicolae_shop_trees, chequers_decorated_corner, st_stairs_12
D:2:      layout_loops_ring
D:3:      cheibrodos_pilgrimage, layout_basic, mainiacjoe_overflow_paths,
          serial_undead, serial_undead_a, serial_undead_a, serial_undead_c,
          serial_undead_d, serial_undead_e, serial_undead_f, serial_undead_d,
          serial_undead_d, minmay_misc_feat_plants, uniq_pargi
D:4:      layout_rooms, nicolae_ru_awakened_eye, elyvilon_altar_3,
          ebering_ghost_inner_flame, serial_shops, shop, uniq_duvessa
D:5:      layout_basic, kennysheep_mini, hangedman_abyss_or_decor_stagger
D:6:      layout_layer_cave, okawaru_trees_1,
          minmay_temple_entry_statues_pillars
D:7:      layout_rooms, serial_shops, nicolae_shop_back_alley_shop,
          enter_ossuary_3, kennysheep_cluttered_room
D:8:      layout_basic, mainiacjoe_overflow_concentric_impassable, uniq_erica,
          uniq_maurice
D:9:      layout_irregular_city, mainiacjoe_overflow_six_doors_small,
          nemelex_xobeh_ov_fountains_minmay, erik_lair_orcish_takeover
D:10:     layout_stronghold, nicolae_tso_swordbearing_angel,
          nzn_hepliaklqana_mist_gate, minmay_stone_trees_large,
          nicolae_the_louvre
D:11:     minmay_statue_hallways, layout_basic, uniq_lodul
D:12:     layout_roguey, zombieorc2_lemuel, gammafunk_ghost_grave, uniq_nessos
Temple:   nicolae_temple_no_exploring_needed

Skill      XL: |  1  2  3  4  5  6  7  8  9 10 11 |
---------------+----------------------------------+-----
Fighting       | 4 5 6 7 8 9 |  9.6
Shields        | 4 5 6 |  6.1
Armour         | 4 5 6 8 9 11 | 11.1
Polearms       | 3 4 |  4.7
Dodging        | 1 2 3 4 |  4.1
Axes           | 2 4 8 11 13 15 | 15.5
Maces & Flails | 2 |  2.9
Stealth        | 1 2 |  2.2
Evocations     | |  0.1

Action                     |  1- 3 |  4- 6 |  7- 9 | 10-12 || total
---------------------------+-------+-------+-------+-------++-------
  Melee: Trident           |   106 |    73 |       |       ||   179
         Headbutt          |     7 |    20 |    26 |    39 ||    92
         Hand axe          |       |    31 |       |       ||    31
         Flail             |       |    15 |    13 |       ||    28
         Battleaxe         |       |       |   145 |   206 ||   351
 Invoke: Curse Item        |       |       |       |     4 ||     4
  Evoke: Wand              |       |       |     1 |       ||     1
    Use: Potion            |       |       |     3 |     1 ||     4
 Armour: Scale mail        |   123 |   119 |    47 |       ||   289
         Steam dragon scal |       |       |    63 |       ||    63
         Plate armour      |       |       |    13 |   234 ||   247
  Dodge: Dodged            |    95 |    94 |    87 |   110 ||   386
  Block: Buckler           |    31 |    44 |     3 |       ||    78
         Other             |       |       |       |    27 ||    27
         Reflection        |       |       |       |     2 ||     2

Table legend: (Time is in decaauts)
 A = Elapsed time spent in this place.
 B = Non-inter-level travel time spent in this place.
 C = Inter-level travel time spent in this place.
 D = Time resting spent in this place.
 E = Time spent auto-exploring this place.
 F = Levels seen in this place.
 G = Mean time per level.
                   A        B        C        D        E       F      G
               +--------+--------+--------+--------+--------+-----+--------+
         Total |  14752 |  14596 |    156 |   5056 |   6182 |  13 | 1134.8 |
       Dungeon |  14692 |  14536 |    156 |   5056 |   6182 |  12 | 1224.3 |
        Temple |     59 |     59 |      0 |      0 |      0 |   1 |   59.0 |
               +--------+--------+--------+--------+--------+-----+--------+

Top non-repeatable levels by time:
     D:8: 3315 daAuts
     D:7: 1717 daAuts
     D:9: 1553 daAuts
    D:11: 1442 daAuts
     D:6: 1113 daAuts
    D:10: 1088 daAuts
     D:4: 1046 daAuts
     D:3: 976 daAuts
     D:1: 896 daAuts
     D:5: 799 daAuts
     D:2: 733 daAuts
  Temple: 59 daAuts
    D:12: 8 daAuts
